 Dungeon Crawl Stone Soup version 0.29-a0-304-gb34f9e1 (webtiles) character file.

Game seed: 17455253517385027246

847 Think the Cutter (level 8, -4/52 HPs)
             Began as an Octopode Fighter on Mar 25, 2022.
             Was a Plaything of Xom.
             Slain by a gnoll sergeant
             ... wielding a +0 spear
              (7 damage)
             ... on level 4 of the Dungeon on Mar 26, 2022.
             The game lasted 00:15:32 (5668 turns).

Think the Cutter (Octopode Fighter)                 Turns: 5668, Time: 00:15:32

Health: -4/52      AC:  1    Str: 17      XL:     8   Next: 0%
Magic:  0/8        EV: 12    Int:  9 (10) God:    Xom [..*...]
Gold:   172        SH:  8    Dex: 12      Spells: 5/7 levels left

rFire   . . .      SeeInvis +   f - +3 dagger (vorpal)
rCold   . . .      Faith    .   w - +0 kite shield
rNeg    . . .      Spirit   +   (helmet restricted)
rPois   .          Reflect  .   q - amulet of guardian spirit
rElec   .          Harm     .   p - ring of see invisible
rCorr   .          Rampage  .   (no ring)
Will    .....                   (no ring)
Stlth   ++........              (no ring)
HPRegen 0.17/turn               (no ring)
MPRegen 0.11/turn               (no ring)
                                (no ring)
                                (no ring)

@: about to teleport, very slightly contaminated
A: almost no armour, amphibious, 8 rings, camouflage 1, gelatinous body 1,
(nimble swimmer 1), tentacles, deterioration 1
a: Renounce Religion


You were on level 4 of the Dungeon.
You worshipped Xom.
You were a toy of Xom.
You visited 1 branch of the dungeon, and saw 6 of its levels.

You collected 172 gold pieces.

Inventory:

Hand Weapons
 a - a +0 rapier
 f - a +3 vorpal dagger (weapon)
 t - a +1 dagger of speed
 y - a +0 whip
Armour
 b - a +0 buckler
 w - a +0 kite shield (worn)
Jewellery
 j - a ring of positive energy
 p - a ring of see invisible (left tentacle)
 q - an amulet of guardian spirit (around mantle)
Wands
 x - a wand of paralysis (8)
 z - a wand of mindburst (12)
Scrolls
 d - 3 scrolls of brand weapon
 g - 2 scrolls of amnesia
 v - a scroll of enchant armour
Potions
 h - a potion of degeneration {unknown}
 k - a potion of mutation
 l - 3 potions of flight
 n - a potion of curing
 o - a potion of magic {unknown}
 s - a potion of heal wounds {unknown}
 u - a potion of ambrosia {unknown}
 A - a potion of cancellation {unknown}


   Skills:
 - Level 3.1 Fighting
 * Level 7.7 Short Blades
 - Level 3.1 Dodging
 - Level 3.1 Shields
 - Level 4.0 Hexes


You had 5 spell levels left.
You knew the following spells:

 Your Spells              Type           Power      Damage    Failure   Level
a - Ensorcelled Hibernat  Hex/Ice        6%         N/A       63%         2

Your spell library contained the following spells:

 Spells                   Type           Power      Damage    Failure   Level
 Apportation              Tloc           0%         N/A       77%         1
 Magic Dart               Conj           0%         1d3       77%         1
 Corpse Rot               Necr/Air       0%         N/A       88%         2
 Passwall                 Tmut/Erth      0%         N/A       88%         2
 Searing Ray              Conj           0%         2d4       88%         2
 Swiftness                Air            0%         N/A       98%         3
 Fulminant Prism          Conj/Hex       1%         3d6       99%         4
 Dispel Undead            Necr           0%         3d6       100%        4
 Alistair's Intoxication  Tmut/Pois      0%         N/A       100%        5
 Death Channel            Necr           0%         N/A       100%        6


Dungeon Overview and Level Annotations

Branches:
Dungeon (6/15)
 Temple: D:4-7

Altars:
Ashenzari
Fedhas
Gozag
Trog
Xom
Yredelemnul
Zin


Innate Abilities, Weirdness & Mutations

You cannot wear most types of armour.
You are amphibious.
You can wear up to eight rings at the same time.
Your skin changes colour to match your surroundings (Stealth+).
Your rubbery body absorbs attacks. (AC +1, EV +1)
((You are camouflaged when in or above water. (Stealth+)))
You have tentacles for arms and can constrict up to eight enemies at once.
Your body sometimes deteriorates upon taking damage.


Message History

There is a stone staircase leading down here.
Okay, then.
Okay, then.
Okay, then.
Okay, then.
You hit the gnoll sergeant but do no damage.
You grab the gnoll sergeant. You constrict the gnoll sergeant.
The gnoll sergeant hits you with a +0 spear!
The gnoll sergeant blocks your attack.
The gnoll sergeant is lightly wounded.
You constrict the gnoll sergeant, but do no damage.
Okay, then.
Okay, then.
Casting: Ensorcelled Hibernation (dangerous; 63% risk of failure)
Confirm with . or Enter, or press ? or * to list all spells.
Aiming: Ensorcelled Hibernation (dangerous; 63% risk of failure)
Press: ? - help, Shift-Dir - straight line, f - gnoll sergeant
Aim: a gnoll sergeant, wielding a +0 spear, wearing a +0 scale mail and wearing a +0 buckler (lightly wounded, constricted by you, chance to affect: 36%)
You miscast Ensorcelled Hibernation.
You are very lightly contaminated with residual magic.
Nothing appears to happen.
You constrict the gnoll sergeant, but do no damage.
The gnoll sergeant hits you with a +0 spear!
Casting: Ensorcelled Hibernation (dangerous; 63% risk of failure)
Confirm with . or Enter, or press ? or * to list all spells.
Aiming: Ensorcelled Hibernation (dangerous; 63% risk of failure)
Press: ? - help, Shift-Dir - straight line, f/p - gnoll sergeant
Aim: a gnoll sergeant, wielding a +0 spear, wearing a +0 scale mail and wearing a +0 buckler (lightly wounded, constricted by you, chance to affect: 36%)
The gnoll sergeant easily resists.
You constrict the gnoll sergeant.
The gnoll sergeant hits you with a +0 spear!
* * * LOW HITPOINT WARNING * * *
Unknown command.
As you read the scroll of teleportation, it crumbles to dust.
You feel strangely unstable.
You constrict the gnoll sergeant.
The gnoll sergeant hits you with a +0 spear!
* * * LOW HITPOINT WARNING * * *
Xom is mildly amused.
You release your grip on the gnoll sergeant.
The gnoll sergeant hits you with a +0 spear!
You die...

.............# #)#
##....#####..##
#.# ##...# #...#
### #..## ##..#
#..# #.)## #..#
##..#### #..#
#..##.# #..#
#..##.# #..#
#...@># #..##
#....g# #...#
##....# ##..##
##....#
#...######.....###
###....##........#
##.............#
###........####
###...####


You could see a gnoll sergeant.

Vanquished Creatures
  An ice beast (D:5)
  An ogre (D:4)
  A gnoll sergeant (D:6)
  A scorpion (D:5)
  A centaur zombie (D:5)
  An orc priest (D:3)
  A jelly (D:4)
  3 orc wizards
  A scorpion zombie (D:5)
  3 gnolls
  8 adders
  An ufetubus (D:4)
  A dart slug (D:4)
  21 orcs
  7 ball pythons
  8 endoplasms
  2 giant cockroaches
  7 goblins
  6 hobgoblins
  A quokka (D:2)
  3 bats
  4 frilled lizards
  5 kobolds
  3 rats
91 creatures vanquished.

Vanquished Creatures (collateral kills)
  5 gnolls
  A white imp (D:6)
6 creatures vanquished.

Vanquished Creatures (others)
  Grinder (D:3)
  An adder (D:6)
2 creatures vanquished.

Grand Total: 99 creatures vanquished

Notes
Turn   | Place    | Note
-------+----------+-------------------------------------------
     0 | D:1      | Think the Octopode Fighter began the quest for the Orb.
     0 | D:1      | Reached XP level 1. HP: 16/16 MP: 1/1
   374 | D:1      | Reached XP level 2. HP: 20/21 MP: 2/2
   787 | D:2      | Found a basalt altar of Yredelemnul.
  1091 | D:2      | Reached skill level 3 in Short Blades
  1101 | D:2      | Reached XP level 3. HP: 5/26 MP: 3/3
  2019 | D:3      | Found a faded altar of an unknown god.
  2028 | D:3      | Prayed at the altar of an unknown god.
  2028 | D:3      | Became a worshipper of Xom the Tricky
  2053 | D:3      | Learned a level 2 spell: Ensorcelled Hibernation
  2140 | D:3      | Reached XP level 4. HP: 31/31 MP: 4/4
  2187 | D:3      | Reached skill level 1 in Hexes
  2305 | D:3      | Identified the +3 leather armour of Tisoeged {rF- rN+ Str+3
                  | Stlth+}
  2306 | D:3      | XOM: silly message
  2310 | D:3      | XOM: silly message
  2312 | D:3      | Noticed Grinder
  2321 | D:3      | Reached skill level 4 in Short Blades
  2334 | D:3      | XOM: fog
  2336 | D:3      | XOM: butterfly on damage
  2338 | D:3      | Killed Grinder
  2338 | D:3      | XOM: divine lightning
  2339 | D:3      | Reached XP level 5. HP: 14/36 MP: 3/5
  2449 | D:3      | XOM: give mutation
  2449 | D:3      | Gained mutation: Your body sometimes deteriorates upon
                  | taking damage. [Xom's mischief]
  2561 | D:3      | XOM: confuse monster(s)
  2575 | D:3      | Reached skill level 5 in Short Blades
  2575 | D:3      | Reached XP level 6. HP: 30/42 MP: 3/6
  2916 | D:3      | XOM: 4-stop teleportation journey
  3297 | D:3      | Found a broken altar of Ashenzari.
  3297 | D:3      | Found a faded altar of an unknown god.
  3305 | D:3      | Found a glowing silver altar of Zin.
  3307 | D:3      | Found an opulent altar of Gozag.
  3309 | D:3      | Found a bloodstained altar of Trog.
  3420 | D:4      | Noticed an orc warrior
  3421 | D:4      | XOM: stat loss: -1 Int (9/10)
  3426 | D:4      | XOM: noise
  3433 | D:3      | XOM: divination: detect creatures
  3473 | D:4      | HP: 1/42 [acid (8)]
  3881 | D:4      | Reached XP level 7. HP: 43/46 MP: 7/7
  4088 | D:4      | XOM: smoke on damage
  4398 | D:4      | XOM is BORED!
  4444 | D:4      | Paralysed by an orc wizard for 5 turns
  4453 | D:4      | Reached skill level 6 in Short Blades
  4453 | D:4      | Paralysed by an orc for 6 turns
  4671 | D:4      | Found a blossoming altar of Fedhas.
  4817 | D:5      | Entered Level 5 of the Dungeon
  4886 | D:5      | Found a basalt altar of Yredelemnul.
  4886 | D:5      | XOM: potion effect (magic)
  4942 | D:5      | XOM: 11-stop teleportation journey
  5100 | D:5      | Reached skill level 7 in Short Blades
  5147 | D:5      | XOM: summons 2 friendly demons
  5417 | D:6      | XOM: cast spell 'Monstrous Menagerie'
  5601 | D:5      | XOM: polymorph gnoll -> endoplasm
  5660 | D:5      | XOM: cast spell 'Monstrous Menagerie'
  5662 | D:5      | Reached XP level 8. HP: 41/52 MP: 6/8
  5668 | D:4      | Slain by a gnoll sergeant

Illustrated notes

Levels and vault maps discovered:
D:1:      psy_arrival_wood_between_worlds, layout_basic, grunt_decor_fettered
D:2:      layout_loops_corners, basic_altar, minmay_vboxes
D:3:      layout_loops_ring, chequers_temple_overflow_minitemple,
          ebering_ecumenical_altar_hall, uniq_grinder
D:4:      layout_layer_cave, mainiacjoe_overflow_paths
D:5:      layout_loops_ring, lemuel_zombie_altar_yredelemnul
D:6:      layout_gridville, minmay_temple_entry_gardened_gates

Skill      XL: |  1  2  3  4  5  6  7 |
---------------+----------------------+-----
Short Blades   | 3 4 5 7 |  7.7
Hexes          | 2 3 4 |  4.0
Fighting       | |  3.1
Dodging        | |  3.1
Shields        | |  3.1

Action                   |  1- 3 |  4- 6 |  7- 9 || total
-------------------------+-------+-------+-------++-------
Melee: Rapier            |     8 |       |       ||     8
       Tentacles         |    14 |    12 |    14 ||    40
       Constrict         |    11 |    15 |    14 ||    40
       Dagger            |    40 |    85 |    77 ||   202
       Punch             |       |     1 |     3 ||     4
 Cast: Ensorcelled Hiber |       |     1 |     1 ||     2
  Use: Potion            |     3 |     3 |     4 ||    10
       Scroll            |     2 |       |     7 ||     9
 Stab: Sleeping          |     5 |     6 |     3 ||    14
       Confused          |       |     1 |       ||     1
Armor: Skin              |       |     2 |    54 ||    56
Dodge: Dodged            |    17 |    27 |    24 ||    68
Block: Buckler           |     7 |     5 |     1 ||    13
       Kite shield       |       |       |    51 ||    51

Table legend: (Time is in decaauts)
 A = Elapsed time spent in this place.
 B = Non-inter-level travel time spent in this place.
 C = Inter-level travel time spent in this place.
 D = Time resting spent in this place.
 E = Time spent auto-exploring this place.
 F = Levels seen in this place.
 G = Mean time per level.
                   A        B        C        D        E       F      G
               +--------+--------+--------+--------+--------+-----+--------+
         Total |   5576 |   5356 |    220 |   1045 |   3519 |   6 |  929.3 |
       Dungeon |   5576 |   5356 |    220 |   1045 |   3519 |   6 |  929.3 |
               +--------+--------+--------+--------+--------+-----+--------+

Top non-repeatable levels by time:
     D:4: 1380 daAuts
     D:3: 1353 daAuts
     D:2: 1222 daAuts
     D:1: 782 daAuts
     D:5: 577 daAuts
     D:6: 259 daAuts
